 Dungeon Crawl Stone Soup version 0.26-a0-665-gefeb406119 (webtiles) character file.

Game seed: 8237667066484033424

71 Elric the Skirmisher (level 4, -1/35 HPs)
             Began as a Demonspawn Fighter on Oct 14, 2020.
             Slain by Grinder (6 damage)
             ... while paralysed by Grinder
             ... on level 3 of the Dungeon.
             The game lasted 00:02:32 (1805 turns).

Elric the Skirmisher (Demonspawn Fighter)           Turns: 1805, Time: 00:02:33

Health: -1/35      AC:  7    Str: 17    XL:     4   Next: 5%
Magic:  4/4        EV:  2    Int: 10    God:
Gold:   86         SH:  0    Dex: 12    Spells: 3/3 levels left

rFire    . . .     SeeInvis .   a - +0 long sword
rCold    . . .     Faith    .   c - +0 kite shield
rNeg     . . .     Spirit   .   b - +0 scale mail
rPois    .         Reflect  .   (helmet restricted)
rElec    .         Harm     .   (no cloak)
rCorr    .         Rampage  .   (no gloves)
MR       .....                  i - +0 pair of boots
Stlth    ..........             (no amulet)
HPRegen  0.11/turn              (no ring)
MPRegen  0.09/turn              (no ring)

@: paralysed
A: horns 1, rot immunity
a: no special abilities


You were on level 3 of the Dungeon.
You visited 1 branch of the dungeon, and saw 3 of its levels.

You collected 86 gold pieces.

Inventory:

Hand Weapons
 a - a +0 long sword (weapon)
Armour
 b - a +0 scale mail (worn)
 c - a +0 kite shield (worn)
 i - a +0 pair of boots (worn)
Jewellery
 r - an uncursed ring of wizardry {unknown}
Scrolls
 g - a scroll of enchant weapon {unknown}
 h - 3 scrolls of identify {unknown}
 k - 2 scrolls of teleportation {unknown}
 m - 3 scrolls of remove curse {unknown}
 o - a scroll of fog {unknown}
 p - a scroll of immolation {unknown}
Potions
 d - a potion of might
 e - 2 potions of mutation {unknown}
 f - 2 potions of flight {unknown}
 j - 2 potions of resistance {unknown}
 l - a potion of invisibility {unknown}
 n - a potion of degeneration {unknown}
 q - a potion of haste {unknown}


   Skills:
 + Level 3.4 Fighting
 + Level 2.6 Long Blades
 + Level 3.0 Armour
 + Level 1.0 Dodging
 + Level 3.2 Shields


You had 3 spell levels left.
You didn't know any spells.
Your spell library was empty.

Dungeon Overview and Level Annotations

Branches:
Dungeon (3/15)

Altars:

Annotations:
D:3 Grinder


Innate Abilities, Weirdness & Mutations

You have a pair of small horns on your head.
You are immune to rotting.


Message History

Grinder gestures at you.
You suddenly lose the ability to move!
You can move again.
You hit Grinder. Your headbutt misses Grinder.
Grinder is almost dead.
You block Grinder's attack. The goblin hits you but does no damage.
You closely miss Grinder.
Grinder is almost dead.
Grinder gestures at you.
You suddenly lose the ability to move!
The goblin hits you but does no damage. Grinder hits you.
You writhe in agony.
* * * LOW HITPOINT WARNING * * *
The goblin hits you but does no damage. Grinder hits you.
* * * LOW HITPOINT WARNING * * *
You writhe in agony.
* * * LOW HITPOINT WARNING * * *
The goblin completely misses you. Grinder hits you.
You die...

.........##.......####..#
.........###.....## ##<#
.........##############.##
#.........................
#........###############.#
######..#.. #..........#
#....#.## ###.#...##.#
#....#..#.# #.#....#..
#...5@....# #.#....#..
#..†##g#### #.#.#..#..
#...# .# #.#.#.##.. ......
.# #.#.#..... #...... .#
#.#.#####. #..[...#.# #.#
#......#.. #.# #......###
#.# #.#


You could see Grinder and a goblin.

Vanquished Creatures
  An ooze (D:1)
  A worm (D:3)
  2 dart slugs
  4 leopard geckos
  A giant cockroach (D:2)
  9 goblins
  5 hobgoblins
  3 jackals (D:1)
  A ball python (D:1)
  6 bats
  10 frilled lizards
  5 kobolds
  7 rats
55 creatures vanquished.

Notes
Turn   | Place    | Note
-------+----------+-------------------------------------------
     0 | D:1      | Elric the Demonspawn Fighter began the quest for the Orb.
     0 | D:1      | Reached XP level 1. HP: 18/18 MP: 1/1
   143 | D:1      | Gained mutation: You are immune to rotting. [demonic
                  | ancestry]
   143 | D:1      | Reached XP level 2. HP: 24/24 MP: 2/2
   471 | D:1      | Gained mutation: You have a pair of small horns on your
                  | head. [demonic ancestry]
   471 | D:1      | Reached XP level 3. HP: 29/29 MP: 3/3
  1398 | D:2      | Reached skill level 1 in Dodging
  1713 | D:3      | Reached XP level 4. HP: 29/35 MP: 4/4
  1782 | D:3      | Noticed Grinder
  1798 | D:3      | Paralysed by Grinder for 3 turns
  1802 | D:3      | Paralysed by Grinder for 6 turns
  1805 | D:3      | Slain by Grinder

Illustrated notes

Levels and vault maps discovered:
D:1:      dpeg_arrival_arbitrary_c, layout_basic, minmay_misc_feat_rugged
D:2:      layout_basic, chequers_serial_rivers_micro_a
D:3:      layout_basic, minivault_24, uniq_grinder

Skill      XL: |  1  2  3 |
---------------+----------+-----
Long Blades    | 2 |  2.6
Shields        | 3 |  3.2
Armour         | 3 |  3.0
Dodging        | 1 |  1.0
Fighting       | |  3.4

Action                   |  1- 3 |  4- 6 || total
-------------------------+-------+-------++-------
Melee: Long sword        |   141 |    11 ||   152
       Headbutt          |    14 |     3 ||    17
Armor: Scale mail        |    83 |     5 ||    88
Dodge: Dodged            |    48 |     4 ||    52
Block: Kite shield       |    82 |     6 ||    88
       Rpst.: Long sword |    11 |     1 ||    12

Table legend: (Time is in decaauts)
 A = Elapsed time spent in this place.
 B = Non-inter-level travel time spent in this place.
 C = Inter-level travel time spent in this place.
 D = Time resting spent in this place.
 E = Time spent auto-exploring this place.
 F = Levels seen in this place.
 G = Mean time per level.
                   A        B        C        D        E       F      G
               +--------+--------+--------+--------+--------+-----+--------+
         Total |   1862 |   1796 |     66 |      0 |   1377 |   3 |  620.7 |
       Dungeon |   1862 |   1796 |     66 |      0 |   1377 |   3 |  620.7 |
               +--------+--------+--------+--------+--------+-----+--------+

Top non-repeatable levels by time:
     D:2: 873 daAuts
     D:1: 793 daAuts
     D:3: 194 daAuts
